 Dungeon Crawl Stone Soup version 0.30.1-9-gdf580d7c3d (webtiles) character file.

Game seed: 12983347372135418816

813 bearlyready the Insei (level 7, 0/57 HPs)
             Began as a Naga Transmuter on Oct 16, 2023.
             Was a Follower of Cheibriados.
             Slain by a gnoll
             ... wielding a +0 whip
              (4 damage)
             ... on level 5 of the Dungeon.
             The game lasted 00:06:23 (4979 turns).

bearlyready the Insei (Naga Transmuter)             Turns: 4979, Time: 00:06:24

Health: 0/57       AC:  2    Str: 11 (14) XL:     7   Next: 93%
Magic:  7/10       EV: 18    Int: 16 (17) God:    Cheibriados [*.....]
Gold:   255        SH:  0    Dex: 16 (19) Spells: 4/10 levels left

rFire   . .          .
                       - Unarmed
rCold   . . .        (shield currently unavailable)
rNeg    . . .        n - melded +2 leather armour {rC+}
rPois   x            (helmet currently unavailable)
rElec   .            (cloak currently unavailable)
rCorr   .            (gloves currently unavailable)
SInv    +            (no barding)
Will    .....        (no amulet)
Stlth   +            (no ring)
HPRegen 0.29/turn    (no ring)
MPRegen 0.12/turn

%: no passive effects
@: lethally poisoned (0 -> -4), spider-form (expiring), wereblooded, flying,
hasted, quick
A: venomous fangs, AC +2, tiny, see invisible, (deformed body), (poison
resistance), (slowness 2), spit poison 1, (naga tail 1)
a: Spit Poison, End Transformation, Renounce Religion, Bend Time


You were on level 5 of the Dungeon.
You worshipped Cheibriados.
Cheibriados was aware of your devotion.
You were a venomous arachnid creature.
You visited 1 branch of the dungeon, and saw 5 of its levels.

You collected 255 gold pieces.

Inventory:

Armour
 a - a +0 robe
 n - a +2 leather armour of cold resistance (melded)
 r - a +0 ring mail of poison resistance
Jewellery
 b - an amulet of magic regeneration
 g - a +4 ring of protection
 m - a ring of fire
 v - a ring of magical power
 w - a ring of ice
Wands
 x - a wand of polymorph (6)
Scrolls
 e - a scroll of fog {unknown}
 h - a scroll of teleportation {unknown}
 i - 5 scrolls of identify {unknown}
 j - 2 scrolls of fear {unknown}
 o - 2 scrolls of vulnerability {unknown}
 s - 3 scrolls of torment {unknown}
Potions
 c - 3 potions of haste
 d - a potion of flight
 f - a potion of berserk rage {unknown}
 k - a potion of attraction {unknown}
 l - a potion of resistance {unknown}
 p - a potion of curing {unknown}
 q - a potion of degeneration
 t - a potion of heal wounds {unknown}
 u - 2 potions of invisibility {unknown}


   Skills:
 - Level 1.0 Fighting
 - Level 1.5 Dodging
 + Level 6.7 Unarmed Combat
 - Level 2.0 Spellcasting
 - Level 5.0 Transmutations
 + Level 4.9 Poison Magic


You had 4 spell levels left.
You knew the following spells:

 Your Spells              Type           Power      Damage    Failure   Level
a - Beastly Appendage     Tmut           34%        N/A       10%         1
b - Wereblood             Tmut           17%        N/A       13%         2
c - Spider Form           Tmut/Pois      17%        N/A       22%         3

Your spell library contained the following spells:

 Spells                   Type           Power      Damage    Failure   Level
 Ignite Poison            Fire/Tmut/Pois 12%        N/A       34%         3
 Ice Form                 Ice/Tmut       9%         N/A       78%         4
 Sticky Flame             Conj/Fire      1%         2d3       97%         4
 Ignition                 Fire           0%         3d3       100%        8


Dungeon Overview and Level Annotations

Branches:
Dungeon (5/15)
 Temple: D:4-7

Altars:
Cheibriados
Qazlal
Ru

Shops:
D:4 *


Innate Abilities, Weirdness & Mutations

You are a venomous arachnid creature.
You have venomous fangs.
You are tiny and dextrous.
Your spellcasting is less reliable in this form.
Your armour is entirely melded.
You are incapable of wielding weapons or throwing items.
((Your serpentine skin is tough. (AC +2)))
You have supernaturally acute eyesight. (SInv)
((Armour fits poorly on your strangely shaped body.))
((Your system is resistant to poisons. (rPois)))
((You cover ground very slowly.))
You can spit poison.
((You have a snake-like lower body.))


Message History

Cheibriados appreciates the change of pace.
You feel sick. The gnoll misses you. The orc hits you but does no damage.
The gnoll barely misses you. The adder completely misses you.
You feel sick. The adder bites you.
You are more poisoned.
The adder poisons you! The orc hits you with a +0 club.
Things that are here:
a +0 hand axe; an orc corpse The orc attacks as you move away!
The orc misses you.
You feel very sick. The adder bites you.
You bite the adder!
The adder is poisoned.
The adder is almost dead.
Your transformation is almost over.
You feel sick. The adder misses you.
An orc comes into view. It is wielding a +0 falchion.
You closely miss the adder.
The adder is almost dead.
You feel sick.
The orc shouts!
You feel a bit better.
You kill the adder!
Cheibriados thoroughly appreciates the change of pace.
You feel very sick.
You barely miss the gnoll.
You feel sick. The gnoll hits you with a +0 whip!
* * * LOW HITPOINT WARNING * * *
It was a potion of haste.
You feel yourself speed up.
Cheibriados forgives your accidental hurry, just this once.
* * * LOW HITPOINT WARNING * * *
You feel sick. The gnoll barely misses you.
It was a potion of flight.
You feel very buoyant.
You fly up into the air.
* * * LOW HITPOINT WARNING * * *
You feel sick.
It was a potion of degeneration.
There was something very wrong with that liquid.
You feel weakened.
You feel dopey.
You feel clumsy. The gnoll hits you with a +0 whip.
You die...

###.....#.#..#.#
..#.....#.#..#.# ##
####.#.....#.#.##.#
..
..#.#.....#.#....#
##.
#.#.#.....#.######
#.#...#.#.#.....#.#
...._gogoo......#.#
#.#...#.#g#.....#.#
##. #.#s#.....#.#
.. ..#.###.....# ##
####.# #.#.### ..#
#..... ### #.#..##
#..#.# #.. >. .# ##
.


You could see a gnoll and 2 orcs.

Vanquished Creatures
  Grinder (D:5)
  Sigmund (D:3)
  2 ogres (D:4)
  A phantom (D:4)
  A jelly (D:4)
  An orc wizard (D:4)
  A mummy (D:3)
  5 adders
  A gnoll (D:5)
  4 dart slugs
  6 orcs
  An endoplasm (D:1)
  4 giant cockroaches
  8 goblins
  7 hobgoblins
  13 jackals
  8 kobolds
  2 quokkas
  4 ball pythons
  4 bats
  6 frilled lizards
  5 rats
86 creatures vanquished.

Vanquished Creatures (others)
  An orc wizard (D:4)
1 creature vanquished.

Grand Total: 87 creatures vanquished

Notes
Turn   | Place    | Note
-------+----------+-------------------------------------------
     0 | D:1      | bearlyready the Naga Transmuter began the quest for the
                  | Orb.
     0 | D:1      | Reached XP level 1. HP: 18/18 MP: 3/3
   147 | D:1      | Reached XP level 2. HP: 22/25 MP: 5/5
   834 | D:1      | Reached XP level 3. HP: 25/31 MP: 6/6
   883 | D:1      | Learned a level 2 spell: Wereblood
  2230 | D:3      | Reached skill level 4 in Unarmed Combat
  2230 | D:3      | Reached XP level 4. HP: 29/38 MP: 7/7
  2412 | D:3      | Noticed a water elemental
  2416 | D:3      | Noticed a fire elemental
  2418 | D:3      | Found a stormy altar of Qazlal.
  2419 | D:3      | Noticed an earth elemental
  2419 | D:3      | Noticed an air elemental
  2779 | D:3      | Noticed Sigmund
  2788 | D:3      | Killed Sigmund
  2789 | D:3      | Reached skill level 5 in Unarmed Combat
  2789 | D:3      | Reached XP level 5. HP: 44/44 MP: 8/8
  2789 | D:3      | Reached XP level 6. HP: 51/51 MP: 9/9
  3017 | D:3      | Found a snail-covered altar of Cheibriados.
  3037 | D:3      | Became a worshipper of Cheibriados the Contemplative
  3267 | D:4      | Learned a level 3 spell: Spider Form
  3464 | D:4      | Reached skill level 5 in Transmutations
  3464 | D:4      | Reached skill level 1 in Poison Magic
  3606 | D:4      | Reached XP level 7. HP: 14/57 MP: 7/10
  3791 | D:4      | Reached * piety under Cheibriados
  3973 | D:4      | Found Becore Ijamn's Gadget Gallery.
  4277 | D:4      | Reached skill level 6 in Unarmed Combat
  4634 | D:5      | Entered Level 5 of the Dungeon
  4692 | D:5      | Noticed Grinder
  4692 | D:5      | Paralysed by Grinder for 3 turns
  4789 | D:5      | Killed Grinder
  4954 | D:5      | Found a sacrificial altar of Ru.
  4979 | D:5      | Slain by a gnoll

Illustrated notes

Levels and vault maps discovered:
D:1:      pf_arrival_petrified_forest, layout_loops_corners
D:2:      layout_basic, minivault_27, minmay_misc_feat_nine_boxes
D:3:      layout_loops_ring, nicolae_qazlal_style_of_elements, slow_altar_2,
          uniq_sigmund
D:4:      layout_layer_cave, chequers_serial_rivers_micro_b,
          nicolae_shop_gadgets
D:5:      layout_basic, nicolae_ru_sacrificial_ziggurat, uniq_grinder

Skill      XL: |  1  2  3  4  5  6  7 |
---------------+----------------------+-----
Transmutations | 3 4 5 |  5.0
Unarmed Combat | 4 5 6 |  6.7
Poison Magic   | 2 4 |  4.9
Fighting       | |  1.0
Dodging        | |  1.5
Spellcasting   | |  2.0

Action                     |  1- 3 |  4- 6 |  7- 9 || total
---------------------------+-------+-------+-------++-------
  Melee: Unarmed           |   146 |   138 |    61 ||   345
         Headbutt          |     7 |     3 |       ||    10
         Punch             |     2 |     8 |     1 ||    11
   Cast: Beastly Appendage |     5 |     2 |       ||     7
         Wereblood         |     1 |     1 |     1 ||     3
         Spider Form       |       |     1 |     3 ||     4
Ability: Spit Poison       |     8 |     6 |     6 ||    20
    Use: Potion            |       |     1 |     3 ||     4
   Stab: Sleeping          |     2 |     1 |     1 ||     4
 Armour: Robe              |    33 |       |       ||    33
         Leather armour    |       |    39 |    10 ||    49
         Skin              |       |     4 |     2 ||     6
  Dodge: Dodged            |    74 |    53 |    38 ||   165
